 Dungeon Crawl Stone Soup version 0.25.0-1-g7eea58d2a3 (webtiles) character file.

Game seed: 9939286752160926334

9611 derpkhan the Frost Mage (level 11, -1/72 HPs)
             Began as a Merfolk Ice Elementalist on June 14, 2020.
             Was an Elder of Sif Muna.
             Killed from afar by an orc wizard (7 damage)
             ... with a puff of flame
             ... on level 10 of the Dungeon.
             The game lasted 01:41:46 (12415 turns).

derpkhan the Frost Mage (Merfolk Ice Elementalist) Turns: 12415, Time: 01:41:47

Health: -1/72      AC:  9    Str:  8    XL:     11   Next: 49%
Magic:  4/25       EV: 17    Int: 17    God:    Sif Muna [****..]
Gold:   591        SH:  0    Dex: 22    Spells: 1/30 levels left

rFire    . . .     SeeInvis .   G - staff of cold
rCold    + . .     Gourm    .   (no shield)
rNeg     . . .     Faith    .   a - +1 robe
rPois    .         Spirit   .   (no helmet)
rElec    .         Reflect  .   p - +1 cloak
rCorr    .         Harm     .   z - +1 pair of gloves
MR       .....                  (no boots)
Stlth    +++.......             (no amulet)
HPRegen  0.22/turn              D - ring of flight
MPRegen  0.19/turn              i - +6 ring of dexterity

@: brilliant
A: change form in water, swift swim, stealthy swim, yellow scales 1, no potion
heal 1, MP-powered wands
a: Channel Magic, Forget Spell, Divine Exegesis, Renounce Religion, Evoke Flight


You were on level 10 of the Dungeon.
You worshipped Sif Muna.
Sif Muna was greatly pleased with you.
You were not hungry.

You visited 1 branch of the dungeon, and saw 10 of its levels.
You also visited: Sewer.

You collected 591 gold pieces.

Inventory:

Hand Weapons
 j - a +2 hand axe of flaming
 k - a +2 whip of electrocution
 m - a +2 dire flail of freezing
Missiles
 t - 5 silver boomerangs (quivered)
Armour
 a - a +1 robe (worn)
 p - a +1 cloak (worn)
 z - a +1 pair of gloves (worn)
 J - a +0 ring mail of poison resistance
Magical Staves
 d - an uncursed staff of air
 B - an uncursed staff of earth
 F - an uncursed staff of summoning
 G - an uncursed staff of cold (weapon)
Jewellery
 g - an uncursed ring of fire
 i - a +6 ring of dexterity (right hand)
 o - an uncursed ring of resist corrosion
 v - an uncursed ring of stealth
 D - a ring of flight (left hand)
Wands
 l - a wand of flame (22)
Scrolls
 f - 4 scrolls of identify
 r - a scroll of remove curse
 y - 2 scrolls of amnesia
 C - 2 scrolls of magic mapping
 E - a scroll of immolation
 L - a scroll of teleportation
Potions
 e - 3 potions of curing
 h - a potion of haste {unknown}
 n - a potion of ambrosia {unknown}
 q - 3 potions of flight
 x - 2 potions of stabbing {unknown}
 A - a potion of brilliance
 H - a potion of might {unknown}
 I - a potion of berserk rage {unknown}
Comestibles
 c - 20 rations


   Skills:
 + Level 2.0 Fighting
 + Level 2.0 Maces & Flails
 + Level 5.8 Dodging
 + Level 4.5 Stealth
 * Level 10.0 Spellcasting
 * Level 4.9 Conjurations
 + Level 0.4 Charms
 * Level 5.2 Summonings
 + Level 0.1 Necromancy
 * Level 11.3 Ice Magic
 + Level 0.1 Air Magic
 + Level 0.1 Poison Magic


You had one spell level left.
You knew the following spells:

 Your Spells              Type           Power        Failure   Level  Hunger
a - Freeze                Ice            ####         1%          1    None
b - Frozen Ramparts       Ice            ######       1%          3    None
c - Summon Ice Beast      Ice/Summ       ######..     2%          4    None
d - Hailstorm             Conj/Ice       ######..     3%          4    None
e - Animate Skeleton      Necr           N/A          8%          1    None
f - Ozocubu's Armour      Chrm/Ice       ######..     2%          3    None
g - Mephitic Cloud        Conj/Pois/Air  ###.....     12%         3    None
h - Vampiric Draining     Necr           ##........   24%         3    None
i - Ignite Poison         Fire/Tmut/Pois ##......     26%         3    None
j - Searing Ray           Conj           #####.       1%          2    None
k - Song of Slaying       Chrm           ###.....     11%         2    None

Your spell library contained the following spells:

 Spells                   Type           Power        Failure   Level  Hunger
 Magic Dart               Conj           ####         1%          1    None
 Summon Small Mammal      Summ           ####         1%          1    None
 Infusion                 Chrm           ###.         7%          1    None
 Pain                     Necr           ##..         8%          1    None
 Apportation              Tloc           ##....       9%          1    None
 Corona                   Hex            ##.....      9%          1    None
 Sting                    Tmut/Pois      ##..         9%          1    None
 Dazzling Flash           Conj/Hex       ####..       10%         3    None
 Poisonous Vapours        Pois/Air       ##....       12%         2    None
 Shroud of Golubria       Chrm/Tloc      ##....       12%         2    None
 Spectral Weapon          Hex/Chrm       ##......     22%         3    None
 Fulminant Prism          Conj/Hex       ####......   30%         4    None
 Iskenderun's Mystic Bla  Conj/Tloc      ####....     30%         4    None
 Animate Dead             Necr           N/A          61%         4    None
 Olgreb's Toxic Radiance  Pois           ##......     61%         4    None
 Agony                    Necr           ##......     91%         5    None


Dungeon Overview and Level Annotations

Branches:
Dungeon (10/15)            Temple (0/1) D:7             Orc (0/2) D:10
  Sewer (visited)
   Lair: D:8-11

Altars:
Cheibriados
Dithmenos
Fedhas
Gozag
Hepliaklqana
Kikubaaqudgha
Makhleb
Okawaru
Sif Muna
Trog
Vehumet
Xom
Yredelemnul
Zin

Shops:
D:6 =

Annotations:
D:6 Sigmund


Innate Abilities, Weirdness & Mutations

You revert to your normal form in water.
You are very nimble and swift while swimming.
You are very stealthy in the water. (Stealth+)
You are partially covered in yellow scales. (AC +2)
Potions are less effective at restoring your health.
You expend magic power (3 MP) to strengthen your wands.


Message History

You miss something. The yak gores you. Something hits you but does no damage.
The yak gores you but does no damage.
Casting: Hailstorm (dangerous; 3% risk of failure)
Confirm with . or Enter, or press ? or * to list all spells.
You don't know that spell.
You barely miss something. The yak barely misses you.
Something closely misses you. The yak gores you!
* * * LOW HITPOINT WARNING * * *
The yak closely misses you.
You hit something. You freeze something!
You hear some strange, mumbled words.
A puff of flame appears from out of thin air!
The puff of flame hits you but does no damage.
The yak gores you!
* * * LOW HITPOINT WARNING * * *
The yak misses you.
You hear some strange, mumbled words.
A puff of flame appears from out of thin air!
The puff of flame hits you!
You die...

###############
.......@.Yz...#
.......{.Y....#
#.##.#######9.# #
#P. Y.#Z.#
#.#+#.#..#########
#.#)#Y#..........#
#.###9#.#........#
P..Z #9#........#
#.###9###Z+........#


You could see 2 yaks, a gargoyle and a wight.

Vanquished Creatures
  A two-headed ogre (D:8)
  Maggie (D:7)
  2 trolls
  Grinder (D:6)
  Prince Ribbit (D:6)
  2 hippogriffs (D:7)
  A wyvern (D:7)
  6 yaks
  2 hogs (D:7)
  A human (D:7)
  A sky beast (D:8)
  2 black bears
  4 orc warriors
  2 ogres
  3 phantoms
  4 centaurs
  2 big kobolds
  5 bullfrogs
  7 scorpions
  A wyvern skeleton (D:4)
  4 killer bees (D:7)
  4 wights (D:8)
  2 howler monkeys
  A vampire bat (D:7)
  4 crimson imps
  A centaur skeleton (D:6)
  2 jellies
  4 hounds
  Crazy Yiuf (D:2)
  4 orc priests
  A bullfrog skeleton (D:6)
  8 orc wizards
  5 iguanas
  3 worker ants
  2 hound skeletons
  A worker ant zombie (D:5)
  3 gnolls (D:8)
  14 adders
  A river rat (Sewer)
  4 shadow imps
  2 oozes
  6 worms
  2 dart slugs
  8 leopard geckos
  52 orcs
  18 bats
  3 giant cockroaches
  5 goblins
  5 hobgoblins
  2 jackals (Sewer)
  17 kobolds
  5 quokkas
  A ball python (D:7)
  11 frilled lizards
  A leopard gecko zombie (D:8)
  A quokka skeleton (D:5)
  16 rats
  A spectral orc (D:8)
  A bush (D:2)
275 creatures vanquished.

Vanquished Creatures (collateral kills)
  A hydra (D:10)
  A two-headed ogre (D:9)
  An ugly thing (D:8)
  2 yaks (D:9)
  A hog (D:7)
  A hungry ghost (D:7)
  Menkaure (D:7)
  3 ogres
  2 bullfrogs (D:7)
  A killer bee (D:7)
  A centaur zombie (D:8)
  An orc wizard (D:7)
  A bullfrog skeleton (D:7)
  2 hounds
  An iguana (D:8)
  2 adder skeletons (D:7)
  4 orcs (D:7)
  A jackal (D:7)
27 creatures vanquished.

Vanquished Creatures (others)
  4 plants (D:10)
4 creatures vanquished.

Grand Total: 306 creatures vanquished

Notes
Turn   | Place    | Note
-------+----------+-------------------------------------------
     0 | D:1      | derpkhan the Merfolk Ice Elementalist began the quest for
                  | the Orb.
     0 | D:1      | Reached XP level 1. HP: 13/13 MP: 3/3
   290 | D:1      | Reached XP level 2. HP: 12/19 MP: 0/5
   546 | D:1      | Reached skill level 5 in Ice Magic
   694 | D:1      | You fall into a shaft and drop 1 floor!
   704 | D:2      | Reached XP level 3. HP: 20/24 MP: 3/6
  1669 | D:2      | Reached XP level 4. HP: 17/30 MP: 2/7
  2018 | D:2      | Learned a level 3 spell: Frozen Ramparts
  2114 | D:2      | Found an ancient bone altar of Kikubaaqudgha.
  2116 | D:2      | Found a burning altar of Makhleb.
  2216 | D:2      | Found a runed translucent door.
  2217 | D:2      | Noticed Crazy Yiuf
  2228 | D:2      | Killed Crazy Yiuf
  2228 | D:2      | Reached XP level 5. HP: 20/35 MP: 0/9
  2515 | D:2      | Learned a level 4 spell: Summon Ice Beast
  2572 | D:3      | Found an iron altar of Okawaru.
  2838 | D:3      | Found a radiant altar of Vehumet.
  3064 | D:3      | Found a shimmering altar of Xom.
  3150 | D:3      | Found a glowing drain.
  3152 | D:3      | Found a shadowy altar of Dithmenos.
  3161 | Sewer    | Entered a sewer
  3446 | Sewer    | Noticed a big kobold
  3475 | Sewer    | Killed a big kobold
  3475 | Sewer    | Reached XP level 6. HP: 4/41 MP: 0/12
  3768 | Sewer    | Found a white marble altar of Elyvilon.
  4030 | D:3      | Learned a level 4 spell: Hailstorm
  4370 | D:4      | Found a shimmering blue altar of Sif Muna.
  4383 | D:4      | Became a worshipper of Sif Muna the Loreminder
  4479 | D:4      | Reached skill level 1 in Summonings
  4596 | D:4      | Reached skill level 6 in Ice Magic
  4596 | D:4      | Reached XP level 7. HP: 39/46 MP: 8/13
  4674 | D:4      | Reached skill level 1 in Conjurations
  5030 | D:4      | You fall into a shaft and drop 1 floor!
  5030 | D:5      | Entered Level 5 of the Dungeon
  5066 | D:5      | Reached skill level 5 in Spellcasting
  5481 | D:5      | Learned a level 1 spell: Animate Skeleton
  5651 | D:5      | Reached * piety under Sif Muna
  5651 | D:5      | Reached XP level 8. HP: 51/53 MP: 16/16
  5679 | D:5      | Learned a level 3 spell: Ozocubu's Armour
  5790 | D:5      | Reached skill level 1 in Maces & Flails
  6002 | D:5      | Found a blossoming altar of Fedhas.
  6238 | D:5      | Found a glowing silver altar of Zin.
  6238 | D:5      | Found a snail-covered altar of Cheibriados.
  6309 | D:6      | Noticed Grinder
  6345 | D:6      | Paralysed by Grinder for 3 turns
  6384 | D:6      | Killed Grinder
  6384 | D:6      | Reached skill level 1 in Fighting
  6496 | D:6      | Noticed Sigmund
  6570 | D:6      | Reached skill level 7 in Ice Magic
  6666 | D:6      | Found Eduav's Jewellery Emporium.
  6850 | D:6      | Reached XP level 9. HP: 58/59 MP: 14/18
  6993 | D:6      | Noticed Prince Ribbit
  7050 | D:6      | Killed Prince Ribbit
  7543 | D:7      | Noticed Menkaure
  7557 | D:7      | Noticed Maggie
  7641 | D:7      | Killed Maggie
  7641 | D:7      | Reached skill level 8 in Ice Magic
  7867 | D:7      | Killed Menkaure
  7930 | D:7      | Reached ** piety under Sif Muna
  8108 | D:7      | Found a staircase to the Ecumenical Temple.
  8200 | D:7      | Learned a level 3 spell: Mephitic Cloud
  8204 | D:7      | Learned a level 3 spell: Vampiric Draining
  8235 | D:7      | Reached skill level 9 in Ice Magic
  8279 | D:7      | Reached XP level 10. HP: 41/67 MP: 3/21
  8862 | D:7      | Reached skill level 5 in Dodging
  8869 | D:7      | Reached *** piety under Sif Muna
  9236 | D:8      | Noticed a two-headed ogre
  9244 | D:8      | Found an opulent altar of Gozag.
  9248 | D:8      | Killed a two-headed ogre
  9307 | D:8      | Reached skill level 10 in Ice Magic
  9663 | D:8      | Found a hazy altar of Hepliaklqana.
  9992 | D:8      | Found a bloodstained altar of Trog.
  9992 | D:8      | Noticed a red ugly thing
 10003 | D:8      | Killed a red ugly thing
 10322 | D:8      | Found a basalt altar of Yredelemnul.
 10507 | D:9      | Reached **** piety under Sif Muna
 10507 | D:9      | Reached XP level 11. HP: 72/72 MP: 20/24
 10779 | D:9      | Reached skill level 5 in Summonings
 10977 | D:9      | Gained mutation: Potions are less effective at restoring
                  | your health. [potion of mutation]
 10977 | D:9      | Gained mutation: You expend magic power (3 MP) to
                  | strengthen your wands. [potion of mutation]
 10977 | D:9      | Gained mutation: You are partially covered in yellow
                  | scales. (AC +2) [potion of mutation]
 11037 | D:9      | Learned a level 3 spell: Ignite Poison
 11239 | D:9      | Noticed a two-headed ogre
 11245 | D:9      | Killed a two-headed ogre
 11245 | D:9      | Reached skill level 11 in Ice Magic
 12072 | D:10     | Entered Level 10 of the Dungeon
 12159 | D:10     | Found a staircase to the Orcish Mines.
 12305 | D:10     | Learned a level 2 spell: Searing Ray
 12308 | D:10     | Learned a level 2 spell: Song of Slaying
 12333 | D:10     | Noticed a four-headed hydra
 12388 | D:10     | Killed a four-headed hydra
 12388 | D:10     | Reached skill level 10 in Spellcasting
 12415 | D:10     | Killed from afar by an orc wizard

Illustrated notes

Levels and vault maps discovered:
D:1:      minmay_arrival_wavy_path, layout_basic
D:2:      minmay_diamond_boxcup, layout_basic, grunt_temple_overflow_open,
          first_ration, uniq_crazy_yiuf_cottage
D:3:      layout_basic, lemuel_doored_altar, grunt_dithmenos_smoke,
          okawaru_metal_pillars_1_2, old_standard_altar,
          cheibrodos_sewer_entry_drain, minmay_circle_x
D:4:      layout_rooms, overflow_temple_1_default, uniq_edmund
D:5:      layout_loops_cross, fedhas_altar_fruit_tree,
          nicolae_overflow_hidden_temple
D:6:      layout_loops_ring, serial_shops, shop_fountains, minivault_25,
          uniq_prince_ribbit1, uniq_eustachio, uniq_grinder, uniq_sigmund
D:7:      minmay_bubble_buster, layout_basic, minmay_temple_entry_waves,
          minivault_4, grunt_livestock, roderic_batcave, fountainhead,
          chequers_jeans, uniq_menkaure, uniq_maggie
D:8:      layout_rooms, kennysheep_mini_moat,
          yredelemnul_forgotten_temple_becter, marbit_many_paths,
          nicolae_gozag_seed_capital
D:9:      layout_layer_cave, minmay_microvault
D:10:     layout_roguey, orc_0_dummy, minmay_shattered_shrine

Skill      XL: |  1  2  3  4  5  6  7  8  9 10 11 |
---------------+----------------------------------+-----
Ice Magic      | 5 6 7 9 10 11 | 11.3
Dodging        | 3 4 5 |  5.8
Stealth        | 3 4 |  4.5
Spellcasting   | 4 5 6 7 9 10 | 10.0
Summonings     | 1 3 4 5 |  5.2
Conjurations   | 1 3 4 |  4.9
Maces & Flails | 1 2 |  2.0
Fighting       | 1 2 |  2.0
Charms         | |  0.4
Necromancy     | |  0.1
Air Magic      | |  0.1
Poison Magic   | |  0.1

Action                   |  1- 3 |  4- 6 |  7- 9 | 10-12 || total
-------------------------+-------+-------+-------+-------++-------
Melee: Unarmed           |    13 |       |       |       ||    13
       Whip              |     6 |    85 |    93 |       ||   184
       Staff             |       |       |    36 |    38 ||    74
       Tailslap          |       |       |     1 |       ||     1
       Hand axe          |       |       |       |    10 ||    10
       Dire flail        |       |       |       |     3 ||     3
Throw: Boomerang         |       |       |       |     4 ||     4
 Cast: Freeze            |    44 |    54 |    55 |    51 ||   204
       Frozen Ramparts   |       |    19 |    33 |    37 ||    89
       Summon Ice Beast  |       |     2 |     9 |    18 ||    29
       Animate Skeleton  |       |       |     2 |     6 ||     8
       Hailstorm         |       |       |     4 |     5 ||     9
       Ozocubu's Armour  |       |       |     3 |    13 ||    16
       Mephitic Cloud    |       |       |     1 |     1 ||     2
       Searing Ray       |       |       |       |     1 ||     1
  Use: Scroll            |       |     2 |    12 |     8 ||    22
       Potion            |       |     1 |     1 |    10 ||    12
 Stab: Sleeping          |     1 |     4 |     3 |       ||     8
  Eat: Chunk             |     1 |     9 |     8 |    14 ||    32
       Ration            |     1 |     1 |     2 |     1 ||     5
Armor: Robe              |    15 |    24 |    39 |    57 ||   135
Dodge: Dodged            |    40 |    92 |   136 |   157 ||   425
